 Dungeon Crawl Stone Soup version 0.31-a0-833-gc15d34cb79 (webtiles) character file.

Game seed: 7277222481504659389

35 Kurtz the Chopper (level 3, -5/39 HPs)
             Began as an Octopode Fighter on Sept 25, 2023.
             Slain by Robin
             ... wielding a +0 trident
              (6 damage)
             ... on level 2 of the Dungeon.
             The game lasted 00:00:57 (915 turns).

Kurtz the Chopper (Octopode Fighter)                 Turns: 915, Time: 00:00:58

Health: -5/39      AC: 21    Str: 17    XL:     3   Next: 33%
Magic:  3/3        EV:  2    Int: 10    God:
Gold:   70         SH:  4    Dex: 11    Spells: 2/2 levels left

rFire   . . .        a - +0 war axe
rCold   . . .        b - +0 buckler
rNeg    . . .        (helmet currently unavailable)
rPois   +            (no amulet)
rElec   .            (no ring)
rCorr   .            (no ring)
SInv    .            (no ring)
Will    .....        (no ring)
Stlth   +            (no ring)
HPRegen 0.26/turn    (no ring)
MPRegen 0.08/turn    (no ring)
                     (no ring)

%: no passive effects
@: tree-form
A: stationary, stasis, torment immunity, boosted hp, almost no armour,
(amphibious), 8 rings, (camouflage 1), (gelatinous body 1), (nimble swimmer 1),
(tentacles), deterioration 1, MP-powered wands
a: no special abilities


You were on level 2 of the Dungeon.
You were a tree.
You visited 1 branch of the dungeon, and saw 2 of its levels.

You collected 70 gold pieces.

Inventory:

Hand Weapons
 a - a +0 war axe (weapon)
Armour
 b - a +0 buckler (worn)
Jewellery
 h - a ring of ice
Scrolls
 d - 2 scrolls of enchant weapon {unknown}
Potions
 c - a potion of might


   Skills:
 - Level 3.0 Fighting
 * Level 3.6 Axes
 - Level 3.0 Dodging
 - Level 3.0 Shields


You had 2 spell levels left.
You didn't know any spells.
Your spell library contained the following spells:

 Spells                   Type           Power      Damage    Failure   Level
 Ozocubu's Armour         Ice            0%         N/A       82%         3
 Metabolic Englaciation   Hex/Ice        0%         N/A       100%        5
 Simulacrum               Ice/Necr       0%         N/A       100%        6


Dungeon Overview and Level Annotations

Branches:
Dungeon (2/15)

Altars:

Annotations:
D:2 Robin


Innate Abilities, Weirdness & Mutations

You are a tree.
Your roots penetrate the ground, keeping you stationary.
You cannot be teleported.
You are immune to unholy pain and torment.
Your maximum health is greatly increased.
You cannot wear most types of armour.
((You are amphibious.))
You can wear up to eight rings at the same time.
((Your skin changes colour to match your surroundings (Stealth+).))
((Your rubbery body absorbs attacks. (AC +1, EV +1)))
((You are camouflaged when in or above water. (Stealth+)))
((You have tentacles for arms and can constrict up to eight enemies at once.))
Your body sometimes deteriorates upon taking damage.
You expend magic power (3 MP) to strengthen your wands.


Message History

Robin throws the goblin at you! The goblin closely misses you.
Unknown command.
You are too injured to fight recklessly!
You are too injured to fight recklessly!
You are too injured to fight recklessly!
You are too injured to fight recklessly!
Unknown command.
You are too injured to fight recklessly!
You closely miss the goblin. Your grab misses the goblin.
You closely miss the goblin. You block the goblin's attack.
Robin closely misses you. The goblin hits you with a +0 club. x2
* * * LOW HITPOINT WARNING * * *
The goblin hits you with a +0 club.
* * * LOW HITPOINT WARNING * * *
Robin throws the goblin at you!
It was a potion of lignification.
You turn into a tree.
Your roots penetrate the ground.
You block the goblin's attack. Robin hits you but does no damage.
The goblin hits you but does no damage. x3
It was a potion of magic.
Magic courses through your body.
The goblin hits you but does no damage. x2; You block the goblin's attack.
The goblin completely misses you.
It was a potion of mutation.
You feel extremely strange.
You feel yourself wasting away.
You feel your magical essence link to the dungeon's wands.
The goblin hits you but does no damage. x3; The goblin completely misses you.
You closely miss the goblin. You barely miss the goblin. You slash the goblin!
You kill the goblin!
You closely miss the goblin. The goblin hits you with a +0 club.
* * * LOW HITPOINT WARNING * * *
Robin throws the goblin at you! The goblin hits you but does no damage.
You block the goblin's attack.
You barely miss the hobgoblin. You hit the goblin. You barely miss the goblin.
You slash the goblin!
You kill the goblin!
Robin hits you but does no damage. You block the goblin's attack.
The hobgoblin hits you but does no damage.
The goblin hits you but does no damage.
Robin hits you from afar with a +0 trident.
You die...
Robin says, "And that's why I'm the boss."

### #######..
######.....#.#
##.......##.#.#
..####..##.#.#
#.##....)#.#.###
###.##.#.....).#.###.#
.......#..##.#.g)....#
.##..........#.#♣#.###
.##.####.#.....gg#
....# ##.###...gg..#
.#### #...##.......#
.# ..###.#..#.#..# ##
.# #..........
#........... #......
..... .#.......####


You could see Robin, 2 hobgoblins and 2 goblins.

Vanquished Creatures
  4 dart slugs (D:1)
  An endoplasm (D:2)
  A giant cockroach (D:1)
  3 hobgoblins
  A ball python (D:1)
  2 bats (D:1)
  A frilled lizard (D:1)
  6 goblins (D:2)
  4 kobolds
  4 rats
27 creatures vanquished.

Notes
Turn   | Place    | Note
-------+----------+-------------------------------------------
     0 | D:1      | Kurtz the Octopode Fighter began the quest for the Orb.
     0 | D:1      | Reached XP level 1. HP: 16/16 MP: 1/1
   174 | D:1      | Reached XP level 2. HP: 21/21 MP: 2/2
   647 | D:1      | Reached XP level 3. HP: 26/26 MP: 3/3
   899 | D:2      | Noticed Robin
   913 | D:2      | Gained mutation: Your body sometimes deteriorates upon
                  | taking damage. [potion of mutation]
   913 | D:2      | Gained mutation: You expend magic power (3 MP) to
                  | strengthen your wands. [potion of mutation]
   914 | D:2      | HP: 1/39 [goblin/+0 club[Robin] (4)]
   915 | D:2      | Slain by Robin

Illustrated notes

Levels and vault maps discovered:
D:1:      elethiomel_arrival_fortress_basement, layout_loops_ring
D:2:      layout_loops_cross, basic_altar,
          shapermc_ecumenical_altar_totnotflames, minmay_misc_feat_pillars,
          minmay_shallow_snake_nest, uniq_robin

Skill      XL: |  1  2 |
---------------+-------+-----
Axes           | 3 |  3.6
Fighting       | |  3.0
Dodging        | |  3.0
Shields        | |  3.0

Action                     || total
---------------------------++-------
  Melee: War axe           ||    39
         Constrict         ||     8
         Tentacles         ||     6
    Use: Potion            ||     3
   Stab: Sleeping          ||     1
 Armour: Skin              ||    34
  Dodge: Dodged            ||    24
  Block: Buckler           ||    16

Table legend: (Time is in decaauts)
 A = Elapsed time spent in this place.
 B = Non-inter-level travel time spent in this place.
 C = Inter-level travel time spent in this place.
 D = Time resting spent in this place.
 E = Time spent auto-exploring this place.
 F = Levels seen in this place.
 G = Mean time per level.
                   A        B        C        D        E       F      G
               +--------+--------+--------+--------+--------+-----+--------+
         Total |    929 |    898 |     31 |      0 |    764 |   2 |  464.5 |
       Dungeon |    929 |    898 |     31 |      0 |    764 |   2 |  464.5 |
               +--------+--------+--------+--------+--------+-----+--------+

Top non-repeatable levels by time:
     D:1: 830 daAuts
     D:2: 98 daAuts
